 Dungeon Crawl Stone Soup version 0.18-a0-1554-g49b38aa (webtiles) character file.

238 Deemzul the Skirmisher (level 6, 0/53 HPs)
             Began as a Hill Orc Fighter on Mar 12, 2016.
             Slain by a worker ant (2 damage)
             ... on level 4 of the Dungeon.
             The game lasted 00:05:01 (2725 turns).

Deemzul the Skirmisher (Hill Orc Fighter)           Turns: 2725, Time: 00:05:01

Health: 0/53       AC:  9    Str: 21    XL:     6   Next: 7%
Magic:  6/6        EV:  8    Int:  8    God:
Gold:   157        SH: 10    Dex: 15    Spells: 0 memorised, 5 levels left

rFire  . . .     SeeInvis .     a - +0 war axe
rCold  + . .     Gourm    .     b - +0 scale mail
rNeg   . . .     Faith    .     c - +0 shield
rPois  .         Spirit   .     g - +1 helmet
rElec  .         Dismiss  .     (no cloak)
rCorr  .         Reflect  .     (no gloves)
SustAt .         Harm     .     (no boots)
MR     .....                    v - amulet of inaccuracy (curse)
Stlth  ..........               r - ring of protection from cold
                                h - +5 ring of dexterity

@: lethally poisoned (0 -> -16), not resistant to hostile enchantments,
extremely unstealthy
A: no striking features
a: no special abilities


You were on level 4 of the Dungeon.
You were not hungry.

You visited 1 branch of the dungeon, and saw 4 of its levels.

You collected 157 gold pieces.

Inventory:

Hand Weapons
 a - a +0 war axe (weapon)
Armour
 b - a +0 scale mail (worn)
 c - a +0 shield (worn)
 g - a +1 helmet (worn)
Jewellery
 h - a +5 ring of dexterity (left hand)
 r - a ring of protection from cold (right hand)
 v - a cursed amulet of inaccuracy (around neck)
Wands
 e - a wand of digging (7/24)
 m - a wand of random effects (42/48)
Scrolls
 i - 4 scrolls of identify
 o - a scroll of remove curse
Potions
 d - a potion of might
 j - a potion of berserk rage
 p - a potion of cancellation
 s - a potion of flight
Books
 n - a book of Callings

   Spells                             Type                      Level
   a - Summon Small Mammal            Summoning                    1
   b - Call Imp                       Summoning                    2
   c - Call Canine Familiar           Summoning                    3
   d - Summon Guardian Golem          Hexes/Summoning              3
   e - Summon Lightning Spire         Summoning/Air                4
   f - Summon Ice Beast               Ice/Summoning                4
Comestibles
 f - 5 bread rations
 k - a slice of pizza
 l - a meat ration


   Skills:
 + Level 4.7 Fighting
 * Level 4.5 Axes
 + Level 4.4 Armour
 + Level 1.2 Dodging
 + Level 0.5 Stealth
 + Level 4.3 Shields


You had 5 spell levels left.
You didn't know any spells.

Dungeon Overview and Level Annotations

Branches:
Dungeon (4/15)
 Temple: D:4-7

Altars:
Sif Muna
Yredelemnul


Message History

Something poisons you! Something bites you.
* * * LOW HITPOINT WARNING * * *
You closely miss something.
You feel sick. Something bites you but does no damage.
You completely miss something.
You feel sick. Something bites you but does no damage. Something bites you.
* * * LOW HITPOINT WARNING * * *
You are lethally poisoned!
Something poisons you!
You closely miss something.
* * * LOW HITPOINT WARNING * * *
You feel sick. Something bites you but does no damage. Something bites you.
* * * LOW HITPOINT WARNING * * *
You are more poisoned.
Something poisons you!
You miss something.
* * * LOW HITPOINT WARNING * * *
You feel very sick. Something bites you.
You die...

#.......######.###
#.......###
#.........##.....##
##..#####
#....#............##
#..## #...
###...........###..#
#..
##...........##.##
#. ##.............#
# #............##
##...{.....[.## #
#....@.......## ####
#.............#
##...
##...........##
##.... ##..........#
#..... #..........#
#..... ##........##
##..... ##.......#
#...... #......##
#...... ######.#
##......


There were no monsters in sight!

Vanquished Creatures
  An orc wizard (D:3)
  A worker ant (D:4)
  A hound skeleton (D:4)
  6 adders
  4 gnolls
  An ooze (D:3)
  2 dart slugs (D:1)
  10 orcs
  3 giant cockroaches
  9 goblins
  4 hobgoblins
  2 jackals (D:1)
  9 kobolds
  A ball python (D:3)
  3 bats
  3 giant newts
  5 rats
65 creatures vanquished.

Notes
Turn   | Place    | Note
--------------------------------------------------------------
     0 | D:1      | Deemzul the Hill Orc Fighter began the quest for the Orb.
     0 | D:1      | Reached XP level 1. HP: 19/19 MP: 1/1
    79 | D:1      | Reached XP level 2. HP: 22/27 MP: 2/2
   249 | D:1      | Reached XP level 3. HP: 22/33 MP: 3/3
   858 | D:2      | Found a deep blue altar of Sif Muna.
   858 | D:2      | Found a basalt altar of Yredelemnul.
  1280 | D:2      | Reached XP level 4. HP: 13/40 MP: 4/4
  1542 | D:3      | Reached skill level 1 in Dodging
  1542 | D:3      | Reached XP level 5. HP: 13/47 MP: 5/5
  2688 | D:4      | Reached XP level 6. HP: 29/53 MP: 6/6
  2725 | D:4      | HP: 2/53 [poisoned by a worker ant]
  2725 | D:4      | Slain by a worker ant

Vault maps used:
D:1:      grunt_arrival_crossed_arrows, grunt_decor_fettered
D:2:      amethyst_overflow_temple_binary
D:4:      trog_eyes_of_draining, first_bread

Skill      XL: |  1  2  3  4  5 |
---------------+----------------+-----
Fighting       | 4 |  4.7
Axes           | 3 4 |  4.5
Shields        | 4 |  4.3
Dodging        | 1 |  1.2
Armour         | 4 |  4.4
Stealth        | |  0.5

Action                   |  1- 3 |  4- 6 || total
-------------------------+-------+-------++-------
Melee: War axe           |    90 |   143 ||   233
Evoke: Wand              |       |     3 ||     3
  Use: Potion            |       |     6 ||     6
       Scroll            |       |     8 ||     8
  Eat: Chunk             |     1 |     6 ||     7
